 Dungeon Crawl Stone Soup version 0.24-a0-524-gf43b32f898 (webtiles) character file.

Game seed: 6145454518657770965

21 Gargoyl the Skirmisher (level 2, -1/26 HPs)
             Began as a Centaur Abyssal Knight on July 31, 2019.
             Was a Follower of Lugonu.
             Killed from afar by a dart slug (8 damage)
             ... with a slug dart
             ... on level 1 of the Dungeon.
             The game lasted 00:01:21 (457 turns).

Gargoyl the Skirmisher (Centaur Abyssal Knight)      Turns: 457, Time: 00:01:21

Health: -1/26      AC:  4    Str: 14    XL:     2   Next: 65%
Magic:  3/3        EV:  9    Int: 11    God:    Lugonu [*.....]
Gold:   48         SH:  0    Dex:  8    Spells: 1/1 levels left

rFire    . . .     SeeInvis .   d - +0 battleaxe (vamp)
rCold    . . .     Gourm    .   (shield currently unavailable)
rNeg     . . .     Faith    .   b - +0 leather armour
rPois    .         Spirit   .   (no helmet)
rElec    .         Reflect  .   (no cloak)
rCorr    .         Harm     .   (no gloves)
MR       .....                  (no barding)
Stlth    ..........             (no amulet)
HPRegen  0.08/turn              (no ring)
MPRegen  0.08/turn              (no ring)

@: very quick
A: large, hooves 3, deformed body, speed 2, tough skin 3
a: Depart the Abyss, Renounce Religion


You were on level 1 of the Dungeon.
You worshipped Lugonu.
Lugonu was aware of your devotion.
You were not hungry.

You visited 1 branch of the dungeon, and saw 1 of its levels.
You visited the Abyss 1 time.

You collected 48 gold pieces.

Inventory:

Hand Weapons
 a - a +1 hand axe
 d - a +0 vampiric battleaxe (weapon)
 g - a +1 hand axe of chopping
Armour
 b - a +0 leather armour (worn)
Wands
 h - a wand of acid (3)
Scrolls
 e - a scroll of magic mapping {unknown}
Potions
 f - 2 potions of curing {unknown}
Comestibles
 c - 2 rations


   Skills:
 + Level 3.1 Fighting
 + Level 2.2 Axes
 * Level 1.5 Armour
 * Level 1.2 Dodging
 * Level 2.1 Invocations


You had one spell level left.
You didn't know any spells.
Your spell library contained the following spells:

 Spells                   Type           Power        Failure   Level  Hunger
 Shock                    Conj/Air       #...         41%         1    ##.....
 Swiftness                Chrm/Air       #.......     54%         2    ###....
 Static Discharge         Conj/Air       #.......     78%         3    ####...
 Airstrike                Air            #.........   99%         4    #####..
 Lightning Bolt           Conj/Air       #.........   100%        5    ######.


Dungeon Overview and Level Annotations

Branches:
Dungeon (1/15)

Altars:


Innate Abilities, Weirdness & Mutations

You have hooves in place of feet.
Armour fits poorly on your strangely shaped body.
You cover ground very quickly.
You have extremely tough skin. (AC +3)


Message History

The leopard gecko bites you but does no damage.
Unknown command.
You closely miss the kobold.
The kobold is moderately wounded.
You barely miss the leopard gecko.
The leopard gecko bites you but does no damage.
The kobold hits you but does no damage.
The leopard gecko completely misses you.
Unknown command.
You closely miss the kobold. You kick the kobold.
You kill the kobold!
Lugonu accepts your kill.
You completely miss the leopard gecko. The leopard gecko bites you.
The dart slug launches a dart at you. The slug dart hits you.
* * * LOW HITPOINT WARNING * * *
The leopard gecko closely misses you. The dart slug launches a dart at you.
The slug dart hits you!
You die...

#...8..8....#
##...........# #
..#..8......8..#. ##.
#.#..............
...#.#.............#
##.#.#..8......8...#
....##.....w......#
...#...8l@8....#
#.###.#...).......#
#.#..............#.##
#.#####.#...#..#...#
#.#..............#.#
#.#.####..#..?##.#.#
#.#.# #......# .# #
#.#.# #.###..# #
#.#.# #.. ...#


You could see a dart slug and a leopard gecko.

Vanquished Creatures
  A gnoll (D:1)
  A leopard gecko (D:1)
  A ball python (D:1)
  A giant cockroach (D:1)
  A hobgoblin (D:1)
  2 frilled lizards (D:1)
  3 kobolds (D:1)
  3 rats (D:1)
13 creatures vanquished.

Notes
Turn   | Place    | Note
-------+----------+-------------------------------------------
     0 | Abyss:1  | Gargoyl the Centaur Abyssal Knight began the quest for the
                  | Orb.
     0 | Abyss:1  | Reached XP level 1. HP: 19/19 MP: 2/2
   123 | Abyss:2  | Noticed a large abomination
   128 | Abyss:2  | Noticed a quasit
   139 | Abyss:2  | Noticed a starcursed mass
   141 | D:1      | Escaped the Abyss
   290 | D:1      | Reached skill level 1 in Dodging
   290 | D:1      | Reached XP level 2. HP: 23/26 MP: 3/3
   403 | D:1      | Reached * piety under Lugonu
   457 | D:1      | Killed from afar by a dart slug

Levels and vault maps discovered:
D:1:      dpeg_arrival_boxes_within_box, layout_basic,
          ebering_dispersal_statue_hall, minmay_misc_feat_plants,
          hangedman_abyss_or_decor_lesser_grid, minmay_misc_feat_doors

Skill      XL: |  1 |
---------------+----+-----
Axes           | 2 |  2.2
Dodging        | 1 |  1.2
Fighting       | |  3.1
Armour         | |  1.5
Invocations    | |  2.1

Action                   || total
-------------------------++-------
Melee: Battleaxe         ||    31
       Kick              ||     2
Invok: Depart the Abyss  ||     1
Evoke: Wand              ||     2
  Use: Scroll            ||     1
Armor: Leather armour    ||    22
Dodge: Dodged            ||    14

Table legend:
 A = Non-vault XP
 B = Vault XP
 C = Vault XP percentage of total XP
 D = Non-vault monster count
 E = Vault monster count
 F = Vault count percentage of total count
                 A         B        C        D         E       F
            +---------+---------+-------+---------+---------+-------
      Total |      31 |       0 |   0.0 |      13 |       0 |   0.0
            +---------+---------+-------+---------+---------+-------
        D:1 |      31 |       0 |   0.0 |      13 |       0 |   0.0
            +---------+---------+-------+---------+---------+-------
